 Dungeon Crawl Stone Soup version 0.17.1-3-g152610e (console) character file.

477 Sehdowjr the Magician (level 6, -4/32 HPs)
             Began as a Deep Elf Conjurer on Mar 24, 2016.
             Killed from afar by an orc wizard (12 damage)
             ... with a puff of flame
             ... on level 4 of the Dungeon.
             The game lasted 00:20:19 (3450 turns).

Sehdowjr the Magician (Deep Elf Conjurer)           Turns: 3450, Time: 00:20:20

Health: -4/32      AC:  2    Str:  5    XL:     6   Next: 85%
Magic:  10/18      EV: 13    Int: 22    God:
Gold:   100        SH:  0    Dex: 15    Spells: 4 memorised, 7 levels left

rFire  . . .     SeeInvis .     (no weapon)
rCold  . . .     Clarity  .     a - +0 robe
rNeg   . . .     SustAt   .     (no shield)
rPois  .         Gourm    .     (no helmet)
rElec  .         Spirit   .     (no cloak)
rCorr  .         Warding  .     (no gloves)
rMut   .         Stasis   .     (no boots)
MR     .....                    (no amulet)
Stlth  ++........               (no ring)
                                (no ring)

@: not resistant to hostile enchantments, unstealthy
A: no striking features
a: no special abilities


You were on level 4 of the Dungeon.
You were not hungry.

You visited 1 branch of the dungeon, and saw 4 of its levels.

You collected 100 gold pieces.

Inventory:

Armour
 a - a +0 robe (worn)
Scrolls
 e - 5 scrolls of identify
 f - 3 scrolls of enchant armour {unknown}
 h - 2 scrolls of magic mapping {unknown}
 i - 3 scrolls of remove curse {unknown}
 j - a scroll of teleportation
 l - a scroll of blinking {unknown}
 m - a scroll of noise {unknown}
 s - a scroll of amnesia {unknown}
Potions
 d - 2 potions of cancellation {unknown}
 g - a potion of degeneration {unknown}
 k - a potion of brilliance {unknown}
 n - 2 potions of ambrosia {unknown}
 o - a potion of lignification {unknown}
 p - a potion of magic {unknown}
 q - a potion of agility {unknown}
 t - a potion of might {unknown}
 u - 2 potions of curing
Books
 b - a book of Conjurations

   Spells                             Type                      Level
   a - Magic Dart                     Conjuration                  1
   b - Searing Ray                    Conjuration                  2
   c - Dazzling Spray                 Conjuration/Hexes            3
   d - Fulminant Prism                Conjuration/Hexes            4
   e - Iskenderun's Mystic Blast      Conjuration                  4
   f - Iskenderun's Battlesphere      Conjuration/Charms           5
Comestibles
 c - 2 bread rations
 r - a beef jerky


   Skills:
 - Level 2.4 Dodging
 - Level 2.4 Stealth
 + Level 7.3 Spellcasting
 + Level 6.9 Conjurations
 + Level 1.5 Charms


You had 7 spell levels left.
You knew the following spells:

 Your Spells              Type           Power        Failure   Level  Hunger
a - Magic Dart            Conj           ####         1%          1    None
b - Searing Ray           Conj           #####.       1%          2    None
p - Iskenderun's Battles  Conj/Chrm      ####....     38%         5    #####..
x - Iskenderun's Mystic   Conj           #####...     6%          4    ###....


Dungeon Overview and Level Annotations

Branches:
Dungeon (4/15)
 Temple: D:4-7

Altars:
Fedhas
Nemelex Xobeh


Message History

Aiming: Magic Dart
Press: ? - help, Shift-Dir - straight line, f/p - orc
Aim: an orc, wearing a ring mail (heavily wounded)
The magic dart hits the orc.
You kill the orc!
The orc wizard casts a spell at you. The puff of flame hits you!
* * * LOW HITPOINT WARNING * * *
Sorry, you're not good enough to have a special ability.
Unknown command.
Casting: Magic Dart
Confirm with . or Enter, or press ? or * to list all spells.
Aiming: Magic Dart
Press: ? - help, Shift-Dir - straight line, f - orc wizard
Aim: an orc wizard, wielding a dagger and wearing a robe The magic dart hits the orc wizard.
The orc wizard is lightly wounded.
The orc wizard gestures at you while chanting.
The puff of flame hits you!
You die...

..# #.. .#..#.##.......<....#
..# #.# ...... #...#..#....#.#
.## #.##...#.###..............
.# ##.#.# #.......g...##...#.#
.# #..).# #.................##
.# #..#)###.#...o...#..##..##
.# #..##)......[.)....#....# .#
#..###)###.......#####..#
.######..###(# #@.............#
..........(..###.......######.#
.######.####((..#.#...........#
.# #.# ####)#.#############
..#####.##### #.#.#
....Z.......###.#.#
..#.###.##...##(#.# ###.#
#.....<.....# ##Z#
#.##...##.###


You could see an orc wizard and a gnoll.

Vanquished Creatures
  Sigmund (D:2)
  An orc priest (D:4)
  Ijyb (D:3)
  A worker ant (D:4)
  3 gnolls (D:4)
  Robin (D:4)
  8 adders
  An ooze (D:4)
  4 worms
  The ghost of emiel the Sneak, a weakling SpEn (D:3)
  A giant gecko (D:1)
  5 orcs
  4 giant cockroaches
  19 goblins
  7 hobgoblins
  6 jackals
  11 kobolds
  3 quokkas
  2 ball pythons (D:3)
  12 bats
  A giant gecko skeleton (D:4)
  6 giant newts
  A jackal skeleton (D:4)
  8 rats
108 creatures vanquished.

Notes
Turn   | Place    | Note
--------------------------------------------------------------
     0 | D:1      | Sehdowjr the Deep Elf Conjurer began the quest for the Orb.
     0 | D:1      | Reached XP level 1. HP: 10/10 MP: 6/6
   176 | D:1      | Reached XP level 2. HP: 15/15 MP: 2/8
   748 | D:1      | Reached skill level 5 in Conjurations
   748 | D:1      | Reached XP level 3. HP: 19/19 MP: 3/10
  1089 | D:2      | Noticed Sigmund
  1098 | D:2      | Killed Sigmund
  1098 | D:2      | Reached skill level 5 in Spellcasting
  1098 | D:2      | Reached skill level 6 in Conjurations
  1098 | D:2      | Reached XP level 4. HP: 15/24 MP: 2/13
  1098 | D:2      | Reached XP level 5. HP: 17/28 MP: 2/15
  1106 | D:2      | Learned a level 2 spell: Searing Ray
  1111 | D:2      | Learned a level 4 spell: Iskenderun's Mystic Blast
  1722 | D:2      | Found a blossoming altar of Fedhas.
  2072 | D:3      | Found a sparkling altar of Nemelex Xobeh.
  2086 | D:3      | Reached XP level 6. HP: 32/32 MP: 4/17
  2483 | D:3      | Noticed emiel's ghost (weakling SpEn)
  2485 | D:3      | Killed emiel's ghost
  2589 | D:3      | Noticed Ijyb
  2597 | D:3      | Killed Ijyb
  2704 | D:4      | Learned a level 5 spell: Iskenderun's Battlesphere
  2732 | D:4      | Noticed Robin
  2738 | D:4      | Killed Robin
  3022 | D:4      | Reached skill level 7 in Spellcasting
  3176 | D:4      | Reached skill level 1 in Charms
  3450 | D:4      | Killed from afar by an orc wizard

Action                   |  1- 3 |  4- 6 || total
-------------------------+-------+-------++-------
 Cast: Magic Dart        |    55 |   204 ||   259
       Iskenderun's Myst |       |     5 ||     5
  Use: Scroll            |       |     2 ||     2
  Eat: Chunk             |       |     7 ||     7
       Beef jerky        |       |     1 ||     1
